 Dungeon Crawl Stone Soup version 0.22-a0-253-gf9d0ce56dd (webtiles) character file.

51574 Spill the Severer (level 14, -10/133 HPs)
             Began as a Deep Dwarf Fighter on Mar 3, 2018.
             Was a High Priest of Makhleb.
             Killed from afar by a shock serpent (25 damage)
             ... with a bolt of electricity
             ... on level 1 of the Snake Pit.
             The game lasted 00:28:13 (14605 turns).

Spill the Severer (Deep Dwarf Fighter)             Turns: 14605, Time: 00:28:14

Health: -10/133    AC: 24    Str: 24    XL:     14   Next: 23%
Magic:  0/12       EV:  9    Int: 12    God:    Makhleb [*****.]
Gold:   971        SH: 13    Dex: 15    Spells: 8/13 levels left

rFire    + . .     SeeInvis .   E - +4 war axe (elec)
rCold    . . .     Gourm    .   c - +0 shield
rNeg     + + .     Faith    .   V - +7 plate armour of the Cicada {*Corrode Int+2 Dex+3}
rPois    +         Spirit   +   b - +2 hat of the Bear Spirit {Spirit, +Rage rN+ MR++}
rElec    .         Reflect  .   u - +2 cloak {rPois}
rCorr    .         Harm     .   (no gloves)
MR       ++++.                  S - +0 pair of boots
Stlth    ..........             (no amulet)
HPRegen  0.00/turn              O - ring of protection from fire
MPRegen  0.13/turn              K - ring of stealth

@: corroded, non-regenerating
A: damage resistance, heal wounds, negative energy resistance 1, sense
surroundings 2, no regeneration
a: Heal Wounds, Minor Destruction, Lesser Servant of Makhleb, Major Destruction,
Greater Servant of Makhleb, Renounce Religion, Evoke Berserk Rage


You were on level 1 of the Snake Pit.
You worshipped Makhleb.
Makhleb was extremely pleased with you.
You were hungry.

You visited 4 branches of the dungeon, and saw 18 of its levels.
You also visited: Labyrinth and Ossuary.

You collected 1172 gold pieces.
You spent 201 gold pieces at shops.

Inventory:

Hand Weapons
 E - a +4 war axe of electrocution (weapon)
 M - a +1 hand axe of flaming
Armour
 b - the +2 hat of the Bear Spirit (worn) {Spirit, +Rage rN+ MR++}
   (You found it on level 3 of the Lair of Beasts)

   It protects you from negative energy.
   It affects your resistance to hostile enchantments.
   It lets you go berserk.
 c - a +0 shield (worn)
 k - a scarf of resistance
 u - a +2 cloak of poison resistance (worn)
 S - a +0 pair of boots (worn)
 V - the +7 plate armour of the Cicada (worn) {*Corrode Int+2 Dex+3}
   (You took it off a minotaur in a labyrinth)

   It affects your intelligence (+2).
   It affects your dexterity (+3).
   It may corrode you when you take damage.
Magical Staves
 X - an uncursed staff of earth
Jewellery
 q - an uncursed ring of fire
 K - a ring of stealth (right hand)
 O - a ring of protection from fire (left hand)
 U - an uncursed ring of fire
 W - an uncursed ring of wizardry {unknown}
Wands
 i - a wand of acid (13)
 x - a wand of flame (98)
 B - a wand of disintegration (11)
 D - a wand of random effects (71)
 L - a wand of clouds (1)
Scrolls
 a - 2 scrolls of random uselessness
 h - 2 scrolls of amnesia
 m - 6 scrolls of remove curse
 s - a scroll of blinking
 t - 3 scrolls of fear {unknown}
 v - 8 scrolls of teleportation
 w - 2 scrolls of fog {unknown}
 A - 3 scrolls of enchant armour {unknown}
 F - 3 scrolls of enchant weapon {unknown}
 I - 2 scrolls of noise {unknown}
 J - 2 scrolls of magic mapping {unknown}
Potions
 d - 2 potions of might
 e - 3 potions of mutation
 g - a potion of berserk rage {unknown}
 j - 14 potions of curing
 l - a potion of invisibility {unknown}
 n - a potion of ambrosia {unknown}
 o - 2 potions of lignification
 p - a potion of magic {unknown}
 r - 3 potions of heal wounds
 z - 2 potions of haste
 C - 2 potions of degeneration
 G - a potion of agility
 H - 2 potions of brilliance
 P - 3 potions of flight {unknown}
Comestibles
 f - 35 rations


   Skills:
 + Level 10.4 Fighting
 + Level 16.5 Axes
 + Level 10.5 Armour
 + Level 5.5 Dodging
 + Level 11.8 Shields
 * Level 6.2 Earth Magic
 * Level 7.3 Evocations


You had 8 spell levels left.
You knew the following spells:

 Your Spells              Type           Power        Failure   Level  Hunger
a - Borgnjor's Vile Clut  Necr/Erth      #.........   100%        5    ######.


Dungeon Overview and Level Annotations

Branches:
Dungeon (10/15)            Temple (1/1) D:7            Lair (6/6) D:10
 Shoals (0/4) Lair:2        Snake (1/4) Lair:4        Slime (0/5) Lair:6
    Orc: D:9-12

Altars:
Ashenzari
Cheibriados
Dithmenos
Elyvilon
Fedhas
Gozag
Hepliaklqana
Kikubaaqudgha
Makhleb
Nemelex Xobeh
Okawaru
Ru
Sif Muna
Trog
Uskayaw
Vehumet
Wu Jian
Xom
Zin
The Shining One
Jiyva

Shops:
D:4 %%([   D:6 }   Snake:1 (


Innate Abilities, Weirdness & Mutations

You are resistant to damage.
You can heal yourself by infusing magical energy.
You resist negative energy. (rN+)
You passively map the area around you.
You do not regenerate.


Message History

The shock serpent is almost dead.
You block the shock serpent's attack.
You closely miss the shock serpent.
The shock serpent is almost dead.
The shock serpent bites you.
* * * LOW HITPOINT WARNING * * *
The shock serpent shocks you!
* * * LOW HITPOINT WARNING * * *
Unknown command.
Your magical essence is drained by the effort!
You feel much better.
The shock serpent shoots out a bolt of lightning at you!
The bolt of electricity hits you!
* * * LOW HITPOINT WARNING * * *
The bolt of electricity hits you!
* * * LOW HITPOINT WARNING * * *
The bolt of electricity misses the shock serpent.
The shock serpent shoots out a bolt of lightning at you!
The bolt of electricity hits you!
You die...

* , *,, * , *, ,*
, ,* **,, , *
####### #@S...#
##########.###.#,
#..........# , ,*
#.##.###.### ,
#.##.# #.# *
#######.##.# #.#
.........#.###.#
........)#.....#
............##.#


You could see a shock serpent.

Vanquished Creatures
  A minotaur (Lab)
  A fire dragon (Lair:1)
  Erolcha (D:10)
  A naga warrior (Snake:1)
  4 hydras
  An anaconda (Snake:1)
  A centaur warrior (D:10)
  9 death yaks
  Pikel (D:7)
  2 mana vipers (Snake:1)
  3 oklob plants
  A guardian serpent (Snake:1)
  5 elephants (Lair:3)
  4 black mambas
  10 spiny frogs
  A rime drake (Lair:6)
  7 komodo dragons
  4 polar bears (Lair:6)
  5 hornets (Lair:6)
  4 dream sheep (Lair:6)
  13 blink frogs
  10 hippogriffs
  14 spriggans (Lair:6)
  42 yaks
  Eustachio (D:6)
  2 basilisks
  A hungry ghost (D:10)
  4 nagas
  11 water moccasins
  2 ice beasts (D:10)
  11 porcupines
  2 sky beasts (D:5)
  A slave (D:7)
  8 orc warriors
  An eye of draining (D:10)
  A phantom (D:5)
  5 black bears
  6 ogres
  4 boggarts (Lair:6)
  34 wolves
  5 centaurs
  15 crocodiles
  An elf zombie (Ossuary)
  Blork the orc (D:5)
  6 bullfrogs
  2 water moccasin zombies (D:8)
  3 scorpions
  A killer bee (D:10)
  A howler monkey (D:10)
  3 crimson imps
  A human zombie (Ossuary)
  2 quasits
  A bullfrog zombie (D:5)
  3 centaur zombies
  5 hounds
  4 orc priests
  A gnoll shaman (D:4)
  4 iguanas
  5 jellies
  Crazy Yiuf (D:3)
  Jessica (D:10)
  Ijyb (D:3)
  Natasha (thrice) (D:3)
  7 orc wizards
  2 worker ants
  5 hell rats (Lair:1)
  A killer bee zombie (D:6)
  2 big kobold zombies (Ossuary)
  2 hound skeletons
  2 mummies (Ossuary)
  5 gnolls (D:4)
  3 river rats (Lair:1)
  10 adders
  3 oozes
  A worm zombie (D:6)
  An adder zombie (Ossuary)
  2 worms
  2 dart slugs
  6 leopard geckos
  46 orcs
  7 bats
  5 giant cockroaches
  9 goblins
  18 hobgoblins
  10 jackals
  3 quokkas
  2 ball pythons
  14 frilled lizards
  3 goblin zombies
  7 hobgoblin zombies (Ossuary)
  A jackal zombie (Ossuary)
  10 kobolds
  8 kobold zombies (Ossuary)
  11 orc zombies (Ossuary)
  A quokka skeleton (D:10)
  18 rats
  A rat zombie (Ossuary)
  A bush (Lair:6)
  8 fungi
  13 plants
559 creatures vanquished.

Vanquished Creatures (others)
  A bush (Lair:4)
  2 fungi
  3 plants
6 creatures vanquished.

Grand Total: 565 creatures vanquished

Notes
Turn   | Place    | Note
-------+----------+-------------------------------------------
     0 | D:1      | Spill the Deep Dwarf Fighter began the quest for the Orb.
     0 | D:1      | Reached XP level 1. HP: 20/20 MP: 1/1
   105 | D:1      | Reached skill level 3 in Axes
   105 | D:1      | Reached XP level 2. HP: 20/27 MP: 2/2
   323 | D:1      | Reached XP level 3. HP: 21/33 MP: 3/3
   600 | D:1      | Reached skill level 4 in Axes
   822 | D:2      | Found an ancient bone altar of Kikubaaqudgha.
   978 | D:2      | Reached XP level 4. HP: 40/40 MP: 4/4
  1010 | D:2      | Reached skill level 5 in Axes
  1515 | D:3      | Noticed Natasha
  1540 | D:3      | Killed Natasha
  1540 | D:3      | Reached XP level 5. HP: 21/46 MP: 5/5
  1624 | D:3      | Noticed Natasha
  1649 | D:3      | Killed Natasha
  1649 | D:3      | Reached skill level 6 in Axes
  1700 | D:3      | Noticed Natasha
  1711 | D:3      | Killed Natasha
  1748 | D:3      | Noticed Ijyb
  1781 | D:3      | Killed Ijyb
  1805 | D:3      | Found a runed door.
  2009 | D:3      | Reached XP level 6. HP: 33/55 MP: 6/6
  2175 | D:3      | Noticed Crazy Yiuf
  2181 | D:3      | Paralysed by Crazy Yiuf for 2 turns
  2192 | D:3      | Killed Crazy Yiuf
  2192 | D:3      | Reached skill level 7 in Axes
  2342 | D:4      | Found Ypaitu's Food Shoppe.
  2401 | D:4      | Found Naunwof's Food Emporium.
  2458 | D:4      | Found Nerro's Antique Weapon Shoppe.
  2462 | D:4      | Found a shadowy altar of Dithmenos.
  2543 | D:4      | Reached XP level 7. HP: 23/62 MP: 7/7
  2561 | D:4      | Found Yfotadd's Armour Boutique.
  2659 | D:4      | Found a shattered altar of Ashenzari.
  2659 | D:4      | Found a glowing golden altar of the Shining One.
  2696 | D:4      | Found a shimmering altar of Xom.
  2825 | D:5      | Entered Level 5 of the Dungeon
  2867 | D:5      | Noticed Blork the orc
  2880 | D:5      | Killed Blork the orc
  3133 | D:5      | Reached skill level 8 in Axes
  3133 | D:5      | Reached skill level 1 in Dodging
  3315 | D:5      | Reached XP level 8. HP: 21/70 MP: 7/7
  3392 | D:5      | Reached skill level 5 in Shields
  3427 | D:5      | Reached skill level 9 in Axes
  3427 | D:5      | Reached skill level 5 in Armour
  3867 | D:4      | Bought a glowing war axe for 201 gold pieces
  4041 | D:6      | Noticed Eustachio
  4064 | D:6      | Killed Eustachio
  4125 | D:6      | Found Datsak's Gadget Shoppe.
  4258 | D:6      | Found a sand-covered staircase.
  4269 | D:6      | Reached skill level 10 in Axes
  4273 | Ossuary  | Entered an ossuary
  4394 | Ossuary  | Gained mutation: You passively map the area around you. [Deep Dwarf growth]
  4394 | Ossuary  | Reached XP level 9. HP: 48/79 MP: 8/8
  4982 | D:7      | You fall through a shaft for 2 floors!
  5466 | D:8      | Reached skill level 5 in Fighting
  5466 | D:8      | Reached skill level 11 in Axes
  5639 | D:7      | Found a blossoming altar of Fedhas.
  5640 | D:7      | Found a bloodstained altar of Trog.
  5640 | D:7      | Found a radiant altar of Vehumet.
  5642 | D:7      | Found a hazy altar of Hepliaklqana.
  5643 | D:7      | Found an iron altar of Okawaru.
  5763 | D:7      | Noticed Pikel
  5771 | D:7      | Killed Pikel
  5772 | D:7      | Found a staircase to the Ecumenical Temple.
  6166 | Temple   | Entered the Ecumenical Temple
  6182 | Temple   | Became a worshipper of Makhleb the Destroyer
  6572 | D:10     | Entered Level 10 of the Dungeon
  6611 | D:10     | Reached XP level 10. HP: 44/91 MP: 8/8
  6636 | D:10     | Reached skill level 12 in Axes
  6695 | D:10     | Noticed Erolcha
  6704 | D:10     | Killed Erolcha
  6780 | D:10     | Found a staircase to the Lair.
  6977 | D:10     | Noticed Jessica
  7000 | D:10     | Killed Jessica
  7010 | D:10     | Found a deep blue altar of Sif Muna.
  7091 | D:10     | Reached * piety under Makhleb
  7169 | D:10     | Reached skill level 13 in Axes
  7173 | D:10     | Noticed a centaur warrior
  7189 | D:10     | Killed a centaur warrior
  7192 | D:10     | Got a steaming plate armour
  7217 | D:10     | Identified the +5 plate armour "Nexyl" {Str+2} (You found it on level 10 of the Dungeon)
  7267 | D:10     | Reached XP level 11. HP: 54/99 MP: 6/6
  7392 | Lair:1   | Entered Level 1 of the Lair of Beasts
  7469 | Lair:1   | Reached ** piety under Makhleb
  7709 | Lair:1   | Reached skill level 14 in Axes
  7869 | Lair:1   | Noticed a fire dragon
  7883 | Lair:1   | Killed a fire dragon
  8423 | Lair:2   | Found a staircase to the Shoals.
  8721 | Lair:2   | Reached *** piety under Makhleb
  8723 | Lair:2   | Reached XP level 12. HP: 102/110 MP: 7/7
  9023 | Lair:3   | Found the +2 hat of the Bear Spirit {Spirit, +Rage rN+ MR++}
  9069 | Lair:3   | Noticed a six-headed hydra
  9081 | Lair:3   | Killed an 11-headed hydra
  9175 | Lair:3   | Reached skill level 5 in Dodging
  9179 | Lair:3   | Reached skill level 15 in Axes
 10035 | Lair:4   | Reached skill level 10 in Shields
 10270 | Lair:4   | Reached skill level 1 in Evocations
 10280 | Lair:4   | Reached **** piety under Makhleb
 10377 | Lair:4   | Found a staircase to the Snake Pit.
 10486 | Lair:4   | Noticed a death yak
 10487 | Lair:4   | Noticed a death yak
 10487 | Lair:4   | Noticed a death yak
 10488 | Lair:4   | Noticed a death yak
 10488 | Lair:4   | Noticed a death yak
 10494 | Lair:4   | Noticed a six-headed hydra
 10497 | Lair:4   | Killed a death yak
 10502 | Lair:4   | Killed a death yak
 10503 | Lair:4   | Killed a death yak
 10503 | Lair:4   | Reached XP level 13. HP: 121/121 MP: 0/10
 10514 | Lair:4   | Reached skill level 16 in Axes
 10933 | Lair:5   | Found a labyrinth entrance.
 10962 | Lab      | Entered a labyrinth
 11532 | Lab      | Noticed a minotaur
 11556 | Lab      | Killed a minotaur
 11559 | Lab      | Got a warped plate armour
 11564 | Lab      | Identified the Reference Book on Snow and Air
 11595 | Lair:5   | Identified the +7 plate armour of the Cicada {*Corrode Int+2 Dex+3} (You took it off a minotaur in a labyrinth)
 12059 | Lair:5   | Learned a level 5 spell: Borgnjor's Vile Clutch
 12267 | Lair:5   | Reached skill level 10 in Armour
 12412 | Lair:5   | Reached skill level 1 in Earth Magic
 12412 | Lair:5   | Reached skill level 5 in Evocations
 12825 | Lair:6   | Entered Level 6 of the Lair of Beasts
 12842 | Lair:6   | Reached ***** piety under Makhleb
 13125 | Lair:6   | Reached skill level 10 in Fighting
 13388 | Lair:6   | Reached skill level 5 in Earth Magic
 13647 | Lair:6   | Found a runed door.
 13654 | Lair:6   | Found a viscous altar of Jiyva.
 13663 | Lair:6   | Found a staircase to the Slime Pits.
 13739 | Lair:6   | Gained mutation: You resist negative energy. (rN+) [Deep Dwarf growth]
 13739 | Lair:6   | Reached XP level 14. HP: 129/132 MP: 0/13
 14385 | Snake:1  | Entered Level 1 of the Snake Pit
 14446 | Snake:1  | Found Ufug's Weapon Emporium.
 14605 | Snake:1  | Killed from afar by a shock serpent

Vault maps used:
D:1:      wheals_arrival_shading
D:2:      kiku_gazebo_garden_becter, st_stairs_1, due_unseen_surprise
D:3:      first_ration, uniq_natasha, uniq_crazy_yiuf_cottage, uniq_ijyb
D:4:      corexii_shack_village, kennysheep_mini,
          gammafunk_temple_overflow_elements, serial_shops, shop, shop,
          shop_statue, shop, grunt_dithmenos_smoke
D:5:      uniq_blork_the_orc
D:6:      serial_shops, nicolae_shop_crystal, enter_ossuary_3, uniq_eustachio
D:7:      grunt_temple_overflow_open, minmay_temple_entry_nine_rooms, uniq_pikel
D:8:      special_room
D:9:      david_orc_4, serial_shops, shop, hangedman_little_slice_of_home
D:10:     kennysheep_windowed_halls, david_lair_shrubbed, tgw_sif, uniq_erolcha
Temple:   cyrus_circular_temple
Lair:1:   dragon1_lemuel, minivault_11, kennysheep_abandoned_house
Lair:2:   minmay_shoals_entry_centaurs, serial_bayou_shore_b, grunt_megastairs_2
Lair:3:   serial_bayou_crossing, infiniplex_staircase_pool_2,
          minmay_lair_oklob_chamber
Lair:4:   guppyfry_snake_entry_garden
Lair:5:   lab_entry_generic
Lair:6:   minmay_lair_end_enchanted_forest, slime_altar_2, st_stairs_9,
          serial_bayou_pond_e, serial_bayou_pond_e
Snake:1:  serial_shops, shop_statue, uniq_louise
Lab:      nicolae_lab_dead_adventurers, nicolae_lab_very_dead_end, lab_block
Ossuary:  ossuary_tomb_1

Skill      XL: |  1  2  3  4  5  6  7  8  9 10 11 12 13 14 |
---------------+-------------------------------------------+-----
Axes           | 3 4 5 6 7 8 10 11 13 14 15 16 | 16.5
Fighting       | 3 4 5 6 8 9 10 | 10.4
Shields        | 4 5 6 7 9 10 11 | 11.8
Armour         | 4 5 6 7 8 9 10 | 10.5
Dodging        | 1 2 4 5 |  5.5
Evocations     | 2 6 7 |  7.3
Earth Magic    | 5 6 |  6.2

Action                   |  1- 3 |  4- 6 |  7- 9 | 10-12 | 13-15 || total
-------------------------+-------+-------+-------+-------+-------++-------
Melee: War axe           |   136 |   315 |   276 |   525 |   445 ||  1697
       Battleaxe         |       |       |    78 |       |       ||    78
 Abil: Heal Wounds       |     1 |     6 |    12 |     9 |     4 ||    32
       Evoke Berserk Rag |       |       |       |       |     1 ||     1
Evoke: Wand              |       |       |       |       |     3 ||     3
  Use: Scroll            |       |       |       |    13 |     2 ||    15
  Eat: Chunk             |       |     6 |     8 |    12 |     7 ||    33
       Ration            |       |       |     2 |       |     2 ||     4
Armor: Scale mail        |    10 |       |       |       |       ||    10
       Chain mail        |    81 |   163 |   118 |       |       ||   362
       Ring mail         |       |       |    70 |    26 |       ||    96
       Plate armour      |       |       |       |   209 |   280 ||   489
Dodge: Dodged            |    28 |    82 |   133 |   140 |   136 ||   519
Block: Shield            |    54 |   180 |   149 |   281 |   315 ||   979

Table legend:
 A = Spawn XP
 B = Non-spawn XP
 C = Spawn XP percentage of total XP
 D = Spawn monster count
 E = Non-spawn monster count
 F = Spawn count percentage of total count
 G = Total turns spent on level
                    A         B        C        D         E        F      G
               +---------+---------+-------+---------+---------+-------+---------
         Total |       0 |   73678 |   0.0 |       0 |     536 |   0.0 | 14605
               +---------+---------+-------+---------+---------+-------+---------
           D:1 |       0 |      51 |   0.0 |       0 |      32 |   0.0 |   769
           D:2 |       0 |      70 |   0.0 |       0 |      14 |   0.0 |   652
           D:3 |       0 |     308 |   0.0 |       0 |      45 |   0.0 |   904
           D:4 |       0 |     393 |   0.0 |       0 |      31 |   0.0 |   676
           D:5 |       0 |    1059 |   0.0 |       0 |      24 |   0.0 |  1047
           D:6 |       0 |     793 |   0.0 |       0 |      20 |   0.0 |   797
           D:7 |       0 |     899 |   0.0 |       0 |       7 |   0.0 |   854
           D:8 |       0 |    1347 |   0.0 |       0 |      32 |   0.0 |   540
           D:9 |       0 |      62 |   0.0 |       0 |       4 |   0.0 |   110
          D:10 |       0 |    6659 |   0.0 |       0 |      47 |   0.0 |   820
        Lair:1 |       0 |    7390 |   0.0 |       0 |      50 |   0.0 |   936
        Lair:2 |       0 |    2594 |   0.0 |       0 |      14 |   0.0 |   686
        Lair:3 |       0 |    8121 |   0.0 |       0 |      22 |   0.0 |   999
        Lair:4 |       0 |   12669 |   0.0 |       0 |      45 |   0.0 |   885
        Lair:5 |       0 |    6289 |   0.0 |       0 |      23 |   0.0 |  1344
        Lair:6 |       0 |   18992 |   0.0 |       0 |      78 |   0.0 |  1511
       Snake:1 |       0 |    4436 |   0.0 |       0 |       9 |   0.0 |   220
           Lab |       0 |    1239 |   0.0 |       0 |       1 |   0.0 |   632
       Ossuary |       0 |     307 |   0.0 |       0 |      38 |   0.0 |   195
               +---------+---------+-------+---------+---------+-------+---------
